Condors vs Stars

Created - Thursday, December 31, 2015 at 01:57

Goals
1 2 3 OT1 SO T
Condors 1 0 0 0 2 2
Stars 0 0 1 0 0 1
Shots
1 2 3 OT1 SO T
Condors 14 15 12 1 2 42
Stars 6 3 9 2 2 20

1st period

1. Condors , Michael Chaput 5 (Reid Boucher, John Negrin) at 14:48 (PP)

Penalties :
Brent Sopel (TEX) for Hooking (Minor) at 3:12, Brent Sopel (TEX) for Holding (Minor) at 14:06, Pat Cannone (BAK) for Hooking (Minor) at 15:20

2nd period

No Goal

Penalties :
Zach Sill (TEX) for Fighting (Major) at 0:16, Michael Chaput (BAK) for Fighting (Major) at 0:16, Zach Sill (TEX) for instigated a fight (Minor) at 0:16, Zach Sill (TEX) for instigated a fight (10 Minutes Misconduct) at 0:16

3rd period

2. Stars , Derrick Pouliot 4 (John Albert) at 19:27 (PP)

Penalties :
Anthony Bitetto (BAK) for Interference (Minor) at 19:14

Overtime #1

No Goal

Penalties :
No Penalty

Shootout

Penalty Shot by Michael Chaput for Condors - Goal!
Penalty Shot by Jason Williams for Stars - Stopped by Ray Emery
Penalty Shot by Reid Boucher for Condors - Goal!
Penalty Shot by Zac Dalpe for Stars - Stopped by Ray Emery

Penalties :
No Penalty

Goalie Stats

Ray Emery (BAK), 19 saves from 20 shots - (0.950), W, 12-9-8, 65:00 minutes
Pat Nagle (TEX), 5 saves from 5 shots - (1.000), 3:50 minutes
Jeff Malcolm (TEX), 36 saves from 37 shots - (0.973), OTL, 0-2-4, 61:10 minutes

Players Stats for Condors

Player Name              G  A  P  +/- PIM S  H  SB GA TA FO     MP     PP MP  PK MP  
------------------------------------------------------------------------------------
Anthony Bitetto          0  0  0   0  2   1  3  2  0  1  0/0    21:25   2:25   0:48 
Bill Arnold              0  0  0   0  0   0  0  0  1  1  1/5    11:08   0:00   0:21 
Collin Bowman            0  0  0   0  0   1  2  0  0  0  0/0     7:39   0:00   0:13 
Daniel New               0  0  0   0  0   0  2  1  0  0  0/0    15:31   0:00   0:00 
Jeremie Blain            0  0  0   0  0   2  1  1  0  0  0/0    13:07   0:00   0:00 
John Negrin              0  1  1   0  0   2  2  0  0  0  0/0    22:25   2:14   1:11 
Ken Agostino             0  0  0   0  0   2  0  0  0  1  0/0    12:04   0:15   0:00 
Kevin Goumas             0  0  0   0  0   0  1  0  1  0  0/0    16:20   0:22   0:00 
Kris Newbury             0  0  0   0  0   3  0  0  1  0  1/1    18:59   2:25   0:00 
Matt Bailey              0  0  0   0  0   3  2  0  0  0  1/1    16:21   1:52   0:00 
Michael Chaput           1  0  1   0  5   6  2  0  3  0  7/13   22:16   1:28   1:51 
Michael Mersch           0  0  0   0  0   3  0  0  4  1  0/0    16:21   1:52   0:00 
Pat Cannone              0  0  0   0  2   4  1  0  5  1  3/8    17:32   0:00   0:00 
Reid Boucher             0  1  1   0  0   4  0  0  5  0  0/1    19:29   2:47   1:51 
Rob Bordson              0  0  0   0  0   2  1  0  1  0  1/1    18:53   1:04   0:00 
Ryan Stanton             0  0  0   0  0   4  5  1  3  3  0/0    27:23   2:25   1:01 
Tommy Cross              0  0  0   0  0   2  2  0  0  3  0/0    22:25   2:14   1:11 
Tyler Graovac            0  0  0   0  0   3  0  0  2  1  3/9    18:17   1:52   0:21 

Players Stats for Stars

Player Name              G  A  P  +/- PIM S  H  SB GA TA FO     MP     PP MP  PK MP  
------------------------------------------------------------------------------------
Alexandre Grenier        0  0  0   0  0   1  2  2  1  0  1/1    17:18   1:17   0:00 
Austin Madaisky          0  0  0   0  0   1  0  1  1  3  0/0    26:39   0:51   3:19 
Brad Malone              0  0  0   0  0   4  4  1  3  0  3/3    20:07   1:04   0:00 
Brandon Kozun            0  0  0   0  0   2  0  1  2  1  0/0    13:46   0:00   0:00 
Brent Sopel              0  0  0   0  4   0  0  1  1  0  0/0    18:40   1:21   0:50 
Bruno Gervais            0  0  0   0  0   0  0  3  0  2  0/0    26:57   1:08   3:49 
Cameron Gaunce           0  0  0   0  0   0  2  1  0  1  0/0    30:26   0:51   1:20 
Derrick Pouliot          1  0  1   0  0   3  0  0  0  0  0/0     4:18   0:13   0:00 
Jason Williams           0  0  0   0  0   1  2  1  2  1  0/1    19:49   0:55   0:00 
John Albert              0  1  1   0  0   1  2  1  5  1  2/8    23:20   1:17   0:51 
Jonathan Diaby           0  0  0   0  0   0  0  0  0  0  0/0     0:00   0:00   0:00 
Justin Shugg             0  0  0   0  0   2  0  0  4  0  1/1    23:16   0:13   1:56 
Miikka Salomaki          0  0  0   0  0   0  0  1  0  2  4/7    16:31   0:00   1:23 
Nic Kerdiles             0  0  0   0  0   0  0  0  0  0  0/0     1:55   0:00   0:00 
Nicolas Blanchard        0  0  0   0  0   0  1  0  0  0  0/0     6:22   0:00   0:00 
Steven Delisle           0  0  0   0  0   1  2  0  0  2  0/0    24:08   0:00   0:00 
Zac Dalpe                0  0  0   0  0   1  1  0  1  0  7/13   22:32   0:55   3:26 
Zach Sill                0  0  0   0  17  3  4  0  2  0  4/5    19:04   0:55   1:42 

3 Stars

1 - Jeff Malcolm (TEX)
2 - Ray Emery (BAK)
3 - Derrick Pouliot (TEX)

Power Play

Condors - 1 on 3 Attempt(s) - 33.33%
Stars - 1 on 2 Attempt(s) - 50.00%

Penalty Kill

Condors - 1 on 2 Attempt(s) - 50.00% - Score 0 goal in Penalty Kill
Stars - 2 on 3 Attempt(s) - 66.67% - Score 0 goal in Penalty Kill

Team Stat

Condors - Hits : 24 - Faceoff Wins : 17 - Blocked Shots : 5 - Penalty Minutes : 9
Stars - Hits : 20 - Faceoff Wins : 22 - Blocked Shots : 13 - Penalty Minutes : 21

Official

Referees : Unknown
Linesman : Unknown

Game Notes

Pat Nagle is injured at 3:50 of 1st period (Strained Groin)
Jeff Malcolm enters game at 3:50 of 1st period
Michael Chaput beats up Zach Sill at 0:16 of 2nd period
Jeremie Blain is injured at 10:33 of 3rd period (Sprained Right Ankle)

Finance

Level 1 -- Attendance: 1378 (68.90%) -- Ticket Income $48,230
Level 2 -- Attendance: 818 (81.80%) -- Ticket Income $12,270
Total Attendance: 2196 (73.20%)
Total Ticket Income: $60,500
Other Income: $29,645
Total Income: $90,145

Condors

5 vs 5 Forward 
   Center                   Left Wing                Right Wing               Time % Phy DF OF 
 1 Michael Chaput           Reid Boucher             Kris Newbury             35     1   2  2  
 2 Tyler Graovac            Michael Mersch           Matt Bailey              30     1   2  2  
 3 Pat Cannone              Rob Bordson              Kevin Goumas             22     1   2  2  
 4 Bill Arnold              Ken Agostino             Michael Chaput           13     1   2  2  

5 vs 5 Defense 
   Defense                  Defense                                           Time % Phy DF OF 
 1 Ryan Stanton             Anthony Bitetto                                   35     1   2  2  
 2 Tommy Cross              John Negrin                                       30     1   2  2  
 3 Daniel New               Jeremie Blain                                     22     1   2  2  
 4 Collin Bowman            Ryan Stanton                                      13     1   2  2  

PowerPlay Forward 
   Center                   Left Wing                Right Wing               Time % Phy DF OF 
 1 Michael Chaput           Reid Boucher             Kris Newbury             60     1   2  2  
 2 Tyler Graovac            Michael Mersch           Matt Bailey              40     1   2  2  

PowerPlay Defense
   Defense                  Defense                                           Time % Phy DF OF 
 1 Ryan Stanton             Anthony Bitetto                                   60     1   2  2  
 2 Tommy Cross              John Negrin                                       40     1   2  2  

Penalty Kill 4 Players Forward 
   Center                   Wing                     Time % Phy DF OF 
 1 Michael Chaput           Reid Boucher             60     1   2  2  
 2 Tyler Graovac            Pat Cannone              40     1   2  2  

Penalty Kill 4 Players Defense
   Defense                  Defense                  Time % Phy DF OF 
 1 Ryan Stanton             Anthony Bitetto          60     1   2  2  
 2 Tommy Cross              John Negrin              40     1   2  2  

Penalty Kill - 3 Players Forward 
   Forward                                           Time % Phy DF OF 
 1 Michael Chaput                                    60     1   2  2  
 2 Reid Boucher                                      40     1   2  2  

Penalty Kill - 3 Players Defense
   Defense                  Defense                  Time % Phy DF OF 
 1 Ryan Stanton             Anthony Bitetto          60     1   2  2  
 2 Tommy Cross              John Negrin              40     1   2  2  

4 vs 4 Forward 
   Center                   Wing                     Time % Phy DF OF 
 1 Michael Chaput           Reid Boucher             60     1   2  2  
 2 Tyler Graovac            Pat Cannone              40     1   2  2  

4 vs 4 Defense
   Defense                  Defense                  Time % Phy DF OF 
 1 Ryan Stanton             Anthony Bitetto          60     1   2  2  
 2 Tommy Cross              John Negrin              40     1   2  2  

Last Minutes Offensive
   Center                   Left Wing                Right Wing               Defense                  Defense                  
   Michael Chaput           Reid Boucher             Kris Newbury             Ryan Stanton             Anthony Bitetto          

Last Minutes Defensive
   Center                   Left Wing                Right Wing               Defense                  Defense                  
   Michael Chaput           Reid Boucher             Kris Newbury             Ryan Stanton             Anthony Bitetto          

Goaltenders
Starting : Ray Emery                
Backup : Joe Cannata              

Extra Forwards
Normal : Rob Bordson, Ken Agostino, Bill Arnold - PP : Rob Bordson, Ken Agostino - PK : Bill Arnold
Extra Defensemen
Normal : Daniel New, Jeremie Blain, Collin Bowman - PP : Daniel New - PK : Jeremie Blain, Collin Bowman
Penalty Shots
Michael Chaput, Reid Boucher, Tyler Graovac, Pat Cannone, Kris Newbury

Stars

5 vs 5 Forward 
   Center                   Left Wing                Right Wing               Time % Phy DF OF 
 1 Zac Dalpe                Brad Malone              Zach Sill                35     1   2  2  
 2 John Albert              Justin Shugg             Alexandre Grenier        30     1   2  2  
 3 Zach Sill                John Albert              Justin Shugg             22     1   2  2  
 4 Miikka Salomaki          Jason Williams           Zach Sill                13     1   2  2  

5 vs 5 Defense 
   Defense                  Defense                                           Time % Phy DF OF 
 1 Steven Delisle           Bruno Gervais                                     35     1   2  2  
 2 Cameron Gaunce           Austin Madaisky                                   30     1   2  2  
 3 Austin Madaisky          Cameron Gaunce                                    22     1   2  2  
 4 Brent Sopel              Cameron Gaunce                                    13     1   2  2  

PowerPlay Forward 
   Center                   Left Wing                Right Wing               Time % Phy DF OF 
 1 Zac Dalpe                Jason Williams           Zach Sill                60     1   2  2  
 2 John Albert              Brad Malone              Alexandre Grenier        40     1   2  2  

PowerPlay Defense
   Defense                  Defense                                           Time % Phy DF OF 
 1 Brent Sopel              Bruno Gervais                                     60     1   2  2  
 2 Cameron Gaunce           Austin Madaisky                                   40     1   2  2  

Penalty Kill 4 Players Forward 
   Center                   Wing                     Time % Phy DF OF 
 1 Zac Dalpe                Zach Sill                60     1   2  2  
 2 Justin Shugg             John Albert              40     1   2  2  

Penalty Kill 4 Players Defense
   Defense                  Defense                  Time % Phy DF OF 
 1 Austin Madaisky          Bruno Gervais            60     1   2  2  
 2 Brent Sopel              Cameron Gaunce           40     1   2  2  

Penalty Kill - 3 Players Forward 
   Forward                                           Time % Phy DF OF 
 1 Zach Sill                                         60     1   2  2  
 2 Justin Shugg                                      40     1   2  2  

Penalty Kill - 3 Players Defense
   Defense                  Defense                  Time % Phy DF OF 
 1 Cameron Gaunce           Austin Madaisky          60     1   2  2  
 2 Brent Sopel              Steven Delisle           40     1   2  2  

4 vs 4 Forward 
   Center                   Wing                     Time % Phy DF OF 
 1 Jason Williams           Zac Dalpe                60     1   2  2  
 2 Zach Sill                John Albert              40     1   2  2  

4 vs 4 Defense
   Defense                  Defense                  Time % Phy DF OF 
 1 Brent Sopel              Cameron Gaunce           60     1   2  2  
 2 Steven Delisle           Austin Madaisky          40     1   2  2  

Last Minutes Offensive
   Center                   Left Wing                Right Wing               Defense                  Defense                  
   Zac Dalpe                Zach Sill                Brad Malone              Cameron Gaunce           Bruno Gervais            

Last Minutes Defensive
   Center                   Left Wing                Right Wing               Defense                  Defense                  
   Zac Dalpe                Zach Sill                Brad Malone              Cameron Gaunce           Bruno Gervais            

Goaltenders
Starting : Pat Nagle                
Backup : Jeff Malcolm             

Extra Forwards
Normal : Jason Williams, Zac Dalpe, Zach Sill - PP : Zac Dalpe, Zach Sill - PK : Miikka Salomaki
Extra Defensemen
Normal : Brent Sopel, Cameron Gaunce, Austin Madaisky - PP : Cameron Gaunce - PK : Austin Madaisky, Cameron Gaunce
Penalty Shots
Jason Williams, Zac Dalpe, Zach Sill, Brad Malone, John Albert

% Time on Ice - Condors

Lines # - Real PCT - Wanted PCT - Time Play
Normal Forward
1 - 24% - 35% - 12:31
2 - 29% - 30% - 15:21
3 - 30% - 22% - 15:58
4 - 17% - 13% - 9:07
Normal Defense
1 - 29% - 35% - 15:06
2 - 32% - 30% - 16:56
3 - 29% - 22% - 15:32
4 - 10% - 13% - 5:23
PP Forward
1 - 60% - 60% - 2:47
2 - 40% - 40% - 1:53
PP Defense
1 - 52% - 60% - 2:26
2 - 48% - 40% - 2:14
PK Forward
1 - 84% - 60% - 1:51
2 - 16% - 40% - 0:21
PK Defense
1 - 46% - 60% - 1:01
2 - 54% - 40% - 1:11
PK3 Forward
1 - 0% - 60%
2 - 0% - 40%
PK3 Defense
1 - 0% - 60%
2 - 0% - 40%
44 Forward
1 - 86% - 60% - 4:17
2 - 14% - 40% - 0:43
44 Defense
1 - 59% - 60% - 2:56
2 - 41% - 40% - 2:04
Last Minute Offensive  - 0:00
Last Minute Defensive  - 0:11
Total
Forward - 65:00
Defense - 65:00

% Time on Ice - Stars

Lines # - Real PCT - Wanted PCT - Time Play
Normal Forward
1 - 30% - 35% - 16:04
2 - 30% - 30% - 15:47
3 - 12% - 22% - 6:09
4 - 28% - 13% - 15:08
Normal Defense
1 - 41% - 35% - 21:57
2 - 22% - 30% - 11:53
3 - 15% - 22% - 8:14
4 - 21% - 13% - 11:04
PP Forward
1 - 42% - 60% - 0:55
2 - 58% - 40% - 1:17
PP Defense
1 - 61% - 60% - 1:21
2 - 39% - 40% - 0:51
PK Forward
1 - 87% - 60% - 4:04
2 - 13% - 40% - 0:36
PK Defense
1 - 71% - 60% - 3:20
2 - 29% - 40% - 1:20
PK3 Forward
1 - 0% - 60%
2 - 0% - 40%
PK3 Defense
1 - 0% - 60%
2 - 0% - 40%
44 Forward
1 - 100% - 60% - 5:00
2 - 0% - 40% - 0:00
44 Defense
1 - 54% - 60% - 2:41
2 - 46% - 40% - 2:19
Last Minute Offensive  - 0:00
Last Minute Defensive  - 0:00
Total
Forward - 65:00
Defense - 65:00

Play by Play

1st period


0:01 of 1st period - Michael Chaput wins face-off versus Zac Dalpe in neutral zone.
0:03 of 1st period - Off-side.
0:04 of 1st period - Zac Dalpe wins face-off versus Michael Chaput in neutral zone.
0:38 of 1st period - Snap shot by Zach Sill.
0:38 of 1st period - Shot Misses the Net.
0:54 of 1st period - Kris Newbury is hit by Alexandre Grenier and loses puck.
1:11 of 1st period - John Negrin is hit by Steven Delisle and loses puck.
1:58 of 1st period - Slapshot by Austin Madaisky.
1:58 of 1st period - Stopped by Ray Emery with a rebound.
2:00 of 1st period - Slapshot by Austin Madaisky.
2:00 of 1st period - Shot Hit the Post.
2:18 of 1st period - Zach Sill is hit by Kevin Goumas and loses puck.
2:30 of 1st period - Rob Bordson is hit by Zach Sill and loses puck.
2:49 of 1st period - Snap shot by Michael Chaput.
2:49 of 1st period - Stopped by Pat Nagle with a rebound.
2:51 of 1st period - Snap shot by John Negrin.
2:51 of 1st period - Stopped by Pat Nagle with a rebound.
2:53 of 1st period - Wrist shot by John Negrin.
2:53 of 1st period - Shot Blocked by Alexandre Grenier.
2:55 of 1st period - Snap shot by Bill Arnold.
2:55 of 1st period - Shot Misses the Net.
2:57 of 1st period - Wrist shot by Michael Chaput.
2:57 of 1st period - Stopped by Pat Nagle with a rebound.
2:59 of 1st period - Slapshot by Ken Agostino.
2:59 of 1st period - Stopped by Pat Nagle with a rebound.
3:01 of 1st period - Snap shot by Michael Chaput.
3:01 of 1st period - Stopped by Pat Nagle with a rebound.
3:03 of 1st period - Slapshot by Ken Agostino.
3:03 of 1st period - Shot Misses the Net.
3:12 of 1st period - Minor Penalty to Brent Sopel for Hooking.
3:13 of 1st period - Michael Chaput wins face-off versus Zach Sill in Stars zone.
3:44 of 1st period - Zach Sill is hit by Ryan Stanton.
3:48 of 1st period - Slapshot by Tyler Graovac.
3:48 of 1st period - Shot Misses the Net.
3:50 of 1st period - Slapshot by Ryan Stanton.
3:50 of 1st period - Deflect By Tyler Graovac.
3:50 of 1st period - Shot Misses the Net.
3:50 of 1st period - Puck is out of play.
3:50 of 1st period - Pat Nagle from Stars is injured at 3:50 of 1st period (Strained Groin).
3:50 of 1st period - Jeff Malcolm enters game.
3:51 of 1st period - Michael Chaput wins face-off versus Zac Dalpe in Stars zone.
4:51 of 1st period - Cameron Gaunce is hit by Matt Bailey and loses puck.
5:08 of 1st period - Wrist shot by Michael Mersch.
5:08 of 1st period - Shot Blocked by Bruno Gervais.
5:12 of 1st period - Penalty to Brent Sopel is over, Brent Sopel is back on ice.
5:18 of 1st period - John Albert is hit by Tommy Cross and loses puck.
6:15 of 1st period - Ken Agostino is hit by Zach Sill and loses puck.
6:46 of 1st period - Ryan Stanton is hit by Zac Dalpe and loses puck.
8:41 of 1st period - Snap shot by Reid Boucher.
8:41 of 1st period - Stopped by Jeff Malcolm without a rebound.
8:42 of 1st period - Michael Chaput wins face-off versus John Albert in Stars zone.
9:38 of 1st period - Miikka Salomaki is hit by Tommy Cross and loses puck.
9:55 of 1st period - Snap shot by Michael Mersch.
9:55 of 1st period - Stopped by Jeff Malcolm with a rebound.
9:57 of 1st period - Slapshot by Ryan Stanton.
9:57 of 1st period - Shot Blocked by Brandon Kozun.
9:59 of 1st period - Snap shot by Tyler Graovac.
9:59 of 1st period - Shot Misses the Net.
11:01 of 1st period - Zac Dalpe is hit by Daniel New and loses puck.
11:22 of 1st period - Justin Shugg is hit by Daniel New.
12:28 of 1st period - Alexandre Grenier is hit by John Negrin and loses puck.
12:41 of 1st period - Snap shot by Reid Boucher.
12:41 of 1st period - Shot Blocked by Brad Malone.
12:43 of 1st period - Wrist shot by Michael Chaput.
12:43 of 1st period - Shot Misses the Net.
12:45 of 1st period - Wrist shot by Kris Newbury.
12:45 of 1st period - Shot Misses the Net.
12:47 of 1st period - Snap shot by Michael Chaput.
12:47 of 1st period - Deflect By Kris Newbury.
12:47 of 1st period - Stopped by Jeff Malcolm with a rebound.
12:49 of 1st period - Slapshot by Collin Bowman.
12:49 of 1st period - Stopped by Jeff Malcolm with a rebound.
13:41 of 1st period - Slapshot by Derrick Pouliot.
13:41 of 1st period - Stopped by Ray Emery with a rebound.
14:06 of 1st period - Minor Penalty to Brent Sopel for Holding.
14:07 of 1st period - Zac Dalpe wins face-off versus Tyler Graovac in Stars zone.
14:48 of 1st period - Wrist shot by Michael Chaput.
14:48 of 1st period - Goal by Michael Chaput - Condors : 1 - Stars : 0.
14:49 of 1st period - Pat Cannone wins face-off versus John Albert in neutral zone.
14:51 of 1st period - Off-side.
14:52 of 1st period - Pat Cannone wins face-off versus John Albert in neutral zone.
15:01 of 1st period - Wrist shot by Pat Cannone.
15:01 of 1st period - Shot Misses the Net.
15:03 of 1st period - Slapshot by Jeremie Blain.
15:03 of 1st period - Stopped by Jeff Malcolm with a rebound.
15:05 of 1st period - Slapshot by Daniel New.
15:05 of 1st period - Deflect By Rob Bordson.
15:05 of 1st period - Stopped by Jeff Malcolm with a rebound.
15:07 of 1st period - Slapshot by Pat Cannone.
15:07 of 1st period - Stopped by Jeff Malcolm without a rebound.
15:08 of 1st period - Justin Shugg wins face-off versus Pat Cannone in Stars zone.
15:20 of 1st period - Minor Penalty to Pat Cannone for Hooking.
15:21 of 1st period - John Albert wins face-off versus Michael Chaput in Condors zone.
15:29 of 1st period - Snap shot by Brad Malone.
15:29 of 1st period - Shot Blocked by Anthony Bitetto.
16:07 of 1st period - Anthony Bitetto is hit by Zach Sill and loses puck.
16:18 of 1st period - John Negrin is hit by Zach Sill and loses puck.
17:20 of 1st period - Penalty to Pat Cannone is over, Pat Cannone is back on ice.
17:20 of 1st period - John Negrin is hit by Brad Malone and loses puck.
17:25 of 1st period - Slapshot by Brad Malone.
17:25 of 1st period - Stopped by Ray Emery with a rebound.
17:27 of 1st period - Slapshot by John Albert.
17:27 of 1st period - Stopped by Ray Emery with a rebound.
17:29 of 1st period - Slapshot by John Albert.
17:29 of 1st period - Shot Misses the Net.
17:31 of 1st period - Wrist shot by John Albert.
17:31 of 1st period - Shot Misses the Net.
17:45 of 1st period - Snap shot by Zach Sill.
17:45 of 1st period - Stopped by Ray Emery with a rebound.
18:07 of 1st period - Snap shot by Justin Shugg.
18:07 of 1st period - Shot Misses the Net.
18:09 of 1st period - Slapshot by Steven Delisle.
18:09 of 1st period - Shot Misses the Net.
18:11 of 1st period - Snap shot by Steven Delisle.
18:11 of 1st period - Stopped by Ray Emery without a rebound.
18:12 of 1st period - John Albert wins face-off versus Pat Cannone in Condors zone.
19:11 of 1st period - Icing by Brad Malone.
19:12 of 1st period - Brad Malone wins face-off versus Michael Chaput in Stars zone.
19:44 of 1st period - Wrist shot by Pat Cannone.
19:44 of 1st period - Stopped by Jeff Malcolm without a rebound.
19:45 of 1st period - Zach Sill wins face-off versus Pat Cannone in Stars zone.
19:54 of 1st period - Anthony Bitetto is hit by Steven Delisle.
Goals for this period are 1 for Condors vs 0 for Stars.
Shots for this period are 14 for Condors vs 6 for Stars.

2nd period


0:01 of 2nd period - Zach Sill wins face-off versus Michael Chaput in neutral zone.
0:06 of 2nd period - Zach Sill is hit by Michael Chaput and loses puck.
0:16 of 2nd period - Michael Chaput beats up Zach Sill.
0:16 of 2nd period - Penalty to Zach Sill for Fighting.
0:16 of 2nd period - Penalty to Michael Chaput for Fighting.
0:16 of 2nd period - Penalty to Zach Sill for instigated a fight.
0:16 of 2nd period - Penalty to Zach Sill for instigated a fight.
0:17 of 2nd period - Rob Bordson wins face-off versus Zac Dalpe in Stars zone.
0:40 of 2nd period - Backhand shot by Reid Boucher.
0:40 of 2nd period - Shot Blocked by Austin Madaisky.
0:42 of 2nd period - Snap shot by Kris Newbury.
0:42 of 2nd period - Stopped by Jeff Malcolm with a rebound.
0:44 of 2nd period - Slapshot by Ryan Stanton.
0:44 of 2nd period - Stopped by Jeff Malcolm without a rebound.
0:45 of 2nd period - Zac Dalpe wins face-off versus Tyler Graovac in Stars zone.
0:45 of 2nd period - Zac Dalpe is hit by John Negrin.
1:55 of 2nd period - Snap shot by Justin Shugg.
1:55 of 2nd period - Stopped by Ray Emery with a rebound.
2:16 of 2nd period - Penalty to Zach Sill is over, Miikka Salomaki is send on ice.
2:50 of 2nd period - Snap shot by Ryan Stanton.
2:50 of 2nd period - Shot Blocked by Jason Williams.
3:19 of 2nd period - Icing by Tyler Graovac.
3:20 of 2nd period - Tyler Graovac wins face-off versus John Albert in Condors zone.
3:25 of 2nd period - Ryan Stanton is hit by John Albert and loses puck.
3:55 of 2nd period - Brad Malone is hit by Ryan Stanton and loses puck.
4:33 of 2nd period - Snap shot by Rob Bordson.
4:33 of 2nd period - Shot Misses the Net.
4:35 of 2nd period - Slapshot by Kevin Goumas.
4:35 of 2nd period - Shot Misses the Net.
4:37 of 2nd period - Slapshot by Jeremie Blain.
4:37 of 2nd period - Deflect By Rob Bordson.
4:37 of 2nd period - Shot Blocked by Miikka Salomaki.
4:37 of 2nd period - Puck is out of play.
4:38 of 2nd period - Bill Arnold wins face-off versus Zac Dalpe in Stars zone.
6:04 of 2nd period - Wrist shot by Ken Agostino.
6:04 of 2nd period - Stopped by Jeff Malcolm with a rebound.
6:06 of 2nd period - Slapshot by Bill Arnold.
6:06 of 2nd period - Deflect By Michael Chaput.
6:06 of 2nd period - Stopped by Jeff Malcolm with a rebound.
6:08 of 2nd period - Slapshot by Jeremie Blain.
6:08 of 2nd period - Stopped by Jeff Malcolm with a rebound.
7:00 of 2nd period - Icing by Michael Chaput.
7:01 of 2nd period - Miikka Salomaki wins face-off versus Reid Boucher in Condors zone.
7:48 of 2nd period - Icing by Jason Williams.
7:49 of 2nd period - Miikka Salomaki wins face-off versus Bill Arnold in Stars zone.
8:05 of 2nd period - Backhand shot by Michael Chaput.
8:05 of 2nd period - Stopped by Jeff Malcolm with a rebound.
8:44 of 2nd period - Slapshot by Justin Shugg.
8:44 of 2nd period - Shot Misses the Net.
9:28 of 2nd period - Slapshot by Derrick Pouliot.
9:28 of 2nd period - Stopped by Ray Emery with a rebound.
10:26 of 2nd period - Off-side.
10:27 of 2nd period - Brad Malone wins face-off versus Bill Arnold in neutral zone.
11:12 of 2nd period - Icing by Matt Bailey.
11:13 of 2nd period - Tyler Graovac wins face-off versus Miikka Salomaki in Condors zone.
11:21 of 2nd period - Icing by Ryan Stanton.
11:22 of 2nd period - Tyler Graovac wins face-off versus Miikka Salomaki in Condors zone.
12:07 of 2nd period - Brandon Kozun is hit by Collin Bowman and loses puck.
12:51 of 2nd period - Off-side.
12:52 of 2nd period - Zac Dalpe wins face-off versus Tyler Graovac in neutral zone.
14:11 of 2nd period - Snap shot by Reid Boucher.
14:11 of 2nd period - Stopped by Jeff Malcolm with a rebound.
14:13 of 2nd period - Slapshot by John Negrin.
14:13 of 2nd period - Stopped by Jeff Malcolm with a rebound.
14:49 of 2nd period - Slapshot by Ryan Stanton.
14:49 of 2nd period - Stopped by Jeff Malcolm without a rebound.
14:50 of 2nd period - Brad Malone wins face-off versus Tyler Graovac in Stars zone.
15:16 of 2nd period - 10 Minutes Misconduct Penalty to Zach Sill is over.
15:21 of 2nd period - Snap shot by Pat Cannone.
15:21 of 2nd period - Stopped by Jeff Malcolm with a rebound.
16:06 of 2nd period - Zach Sill is hit by Jeremie Blain and loses puck.
16:15 of 2nd period - Jeremie Blain is hit by Nicolas Blanchard and loses puck.
17:02 of 2nd period - Wrist shot by Michael Mersch.
17:02 of 2nd period - Stopped by Jeff Malcolm with a rebound.
17:04 of 2nd period - Snap shot by Matt Bailey.
17:04 of 2nd period - Stopped by Jeff Malcolm with a rebound.
17:29 of 2nd period - Anthony Bitetto is hit by Alexandre Grenier and loses puck.
17:58 of 2nd period - Ryan Stanton is hit by John Albert.
18:02 of 2nd period - Wrist shot by Reid Boucher.
18:02 of 2nd period - Deflect By Kris Newbury.
18:02 of 2nd period - Stopped by Jeff Malcolm with a rebound.
18:16 of 2nd period - Backhand shot by Tyler Graovac.
18:16 of 2nd period - Stopped by Jeff Malcolm without a rebound.
18:17 of 2nd period - Alexandre Grenier wins face-off versus Tyler Graovac in Stars zone.
18:22 of 2nd period - Slapshot by Zac Dalpe.
18:22 of 2nd period - Shot Misses the Net.
18:24 of 2nd period - Wrist shot by Alexandre Grenier.
18:24 of 2nd period - Stopped by Ray Emery with a rebound.
18:26 of 2nd period - Wrist shot by Alexandre Grenier.
18:26 of 2nd period - Shot Misses the Net.
18:28 of 2nd period - Slapshot by Bruno Gervais.
18:28 of 2nd period - Shot Misses the Net.
19:33 of 2nd period - Slapshot by Ryan Stanton.
19:33 of 2nd period - Shot Blocked by Bruno Gervais.
19:35 of 2nd period - Slapshot by Ryan Stanton.
19:35 of 2nd period - Stopped by Jeff Malcolm with a rebound.
19:37 of 2nd period - Slapshot by Kris Newbury.
19:37 of 2nd period - Shot Misses the Net.
Goals for this period are 0 for Condors vs 0 for Stars.
Shots for this period are 15 for Condors vs 3 for Stars.

3rd period


0:01 of 3rd period - Zach Sill wins face-off versus Michael Chaput in neutral zone.
0:08 of 3rd period - Snap shot by Zac Dalpe.
0:08 of 3rd period - Deflect By Brad Malone.
0:08 of 3rd period - Shot Misses the Net.
0:08 of 3rd period - Puck is out of play.
0:09 of 3rd period - Michael Chaput wins face-off versus Zac Dalpe in Condors zone.
0:09 of 3rd period - Michael Chaput is hit by Brad Malone.
1:02 of 3rd period - Alexandre Grenier is hit by Matt Bailey and loses puck.
1:23 of 3rd period - Snap shot by Michael Mersch.
1:23 of 3rd period - Shot Blocked by John Albert.
1:50 of 3rd period - Wrist shot by Rob Bordson.
1:50 of 3rd period - Stopped by Jeff Malcolm with a rebound.
1:52 of 3rd period - Snap shot by Pat Cannone.
1:52 of 3rd period - Shot Misses the Net.
3:01 of 3rd period - Brent Sopel is hit by Ryan Stanton and loses puck.
3:26 of 3rd period - Slapshot by Reid Boucher.
3:26 of 3rd period - Shot Misses the Net.
3:28 of 3rd period - Slapshot by Michael Chaput.
3:28 of 3rd period - Shot Misses the Net.
3:32 of 3rd period - Wrist shot by Reid Boucher.
3:32 of 3rd period - Stopped by Jeff Malcolm without a rebound.
3:33 of 3rd period - Kris Newbury wins face-off versus John Albert in Stars zone.
4:03 of 3rd period - Zac Dalpe is hit by Collin Bowman.
4:07 of 3rd period - Slapshot by Ryan Stanton.
4:07 of 3rd period - Shot Blocked by Bruno Gervais.
4:09 of 3rd period - Slapshot by Ryan Stanton.
4:09 of 3rd period - Shot Misses the Net.
4:11 of 3rd period - Wrist shot by Pat Cannone.
4:11 of 3rd period - Stopped by Jeff Malcolm without a rebound.
4:12 of 3rd period - Zac Dalpe wins face-off versus Tyler Graovac in Stars zone.
4:21 of 3rd period - Snap shot by Zac Dalpe.
4:21 of 3rd period - Shot Misses the Net.
4:23 of 3rd period - Snap shot by Zac Dalpe.
4:23 of 3rd period - Stopped by Ray Emery with a rebound.
4:25 of 3rd period - Wrist shot by Zach Sill.
4:25 of 3rd period - Shot Misses the Net.
4:27 of 3rd period - Slapshot by Austin Madaisky.
4:27 of 3rd period - Shot Hit the Post.
4:31 of 3rd period - Snap shot by Zach Sill.
4:31 of 3rd period - Shot Misses the Net.
5:13 of 3rd period - Off-side.
5:14 of 3rd period - Miikka Salomaki wins face-off versus Pat Cannone in neutral zone.
5:21 of 3rd period - Wrist shot by Miikka Salomaki.
5:21 of 3rd period - Deflect By Jason Williams.
5:21 of 3rd period - Stopped by Ray Emery with a rebound.
5:33 of 3rd period - Wrist shot by Miikka Salomaki.
5:33 of 3rd period - Shot Blocked by Daniel New.
5:35 of 3rd period - Snap shot by Brandon Kozun.
5:35 of 3rd period - Shot Misses the Net.
5:53 of 3rd period - Snap shot by Alexandre Grenier.
5:53 of 3rd period - Shot Misses the Net.
6:37 of 3rd period - Snap shot by Brandon Kozun.
6:37 of 3rd period - Stopped by Ray Emery with a rebound.
6:39 of 3rd period - Slapshot by Steven Delisle.
6:39 of 3rd period - Shot Misses the Net.
6:41 of 3rd period - Slapshot by Steven Delisle.
6:41 of 3rd period - Deflect By Brandon Kozun.
6:41 of 3rd period - Stopped by Ray Emery with a rebound.
6:43 of 3rd period - Slapshot by Steven Delisle.
6:43 of 3rd period - Shot Misses the Net.
7:19 of 3rd period - Slapshot by Ryan Stanton.
7:19 of 3rd period - Stopped by Jeff Malcolm with a rebound.
7:21 of 3rd period - Snap shot by Tyler Graovac.
7:21 of 3rd period - Shot Blocked by Alexandre Grenier.
7:23 of 3rd period - Slapshot by Anthony Bitetto.
7:23 of 3rd period - Stopped by Jeff Malcolm with a rebound.
7:25 of 3rd period - Snap shot by Matt Bailey.
7:25 of 3rd period - Stopped by Jeff Malcolm with a rebound.
7:27 of 3rd period - Snap shot by Matt Bailey.
7:27 of 3rd period - Stopped by Jeff Malcolm with a rebound.
7:53 of 3rd period - Brad Malone is hit by Anthony Bitetto and loses puck.
8:04 of 3rd period - Snap shot by Michael Chaput.
8:04 of 3rd period - Shot Misses the Net.
8:06 of 3rd period - Wrist shot by Reid Boucher.
8:06 of 3rd period - Shot Blocked by Brent Sopel.
8:08 of 3rd period - Slapshot by Tommy Cross.
8:08 of 3rd period - Stopped by Jeff Malcolm without a rebound.
8:09 of 3rd period - Miikka Salomaki wins face-off versus Bill Arnold in Stars zone.
8:44 of 3rd period - Michael Chaput is hit by Cameron Gaunce and loses puck.
8:51 of 3rd period - John Negrin is hit by Cameron Gaunce and loses puck.
10:31 of 3rd period - Slapshot by Derrick Pouliot.
10:31 of 3rd period - Shot Misses the Net.
10:33 of 3rd period - Snap shot by Zac Dalpe.
10:33 of 3rd period - Shot Blocked by Jeremie Blain.
10:33 of 3rd period - Jeremie Blain from Condors is injured at 10:33 of 3rd period (Sprained Right Ankle).
10:34 of 3rd period - Zach Sill wins face-off versus Michael Chaput in Condors zone.
11:04 of 3rd period - Wrist shot by Reid Boucher.
11:04 of 3rd period - Deflect By Austin Madaisky.
11:04 of 3rd period - Shot Misses the Net.
11:04 of 3rd period - Puck is out of play.
11:05 of 3rd period - Matt Bailey wins face-off versus Zac Dalpe in Stars zone.
11:08 of 3rd period - Wrist shot by Tyler Graovac.
11:08 of 3rd period - Stopped by Jeff Malcolm with a rebound.
11:28 of 3rd period - Wrist shot by Tyler Graovac.
11:28 of 3rd period - Shot Misses the Net.
12:21 of 3rd period - Slapshot by Zach Sill.
12:21 of 3rd period - Shot Misses the Net.
13:16 of 3rd period - Icing by Michael Chaput.
13:17 of 3rd period - Zac Dalpe wins face-off versus Bill Arnold in Condors zone.
13:24 of 3rd period - Snap shot by Zac Dalpe.
13:24 of 3rd period - Shot Misses the Net.
13:26 of 3rd period - Snap shot by Zach Sill.
13:26 of 3rd period - Stopped by Ray Emery with a rebound.
13:28 of 3rd period - Wrist shot by Brad Malone.
13:28 of 3rd period - Stopped by Ray Emery with a rebound.
14:28 of 3rd period - Justin Shugg is hit by Rob Bordson and loses puck.
14:33 of 3rd period - Snap shot by Pat Cannone.
14:33 of 3rd period - Shot Blocked by Cameron Gaunce.
15:34 of 3rd period - Tyler Graovac is hit by Jason Williams and loses puck.
15:54 of 3rd period - Snap shot by Zac Dalpe.
15:54 of 3rd period - Shot Blocked by Ryan Stanton.
15:56 of 3rd period - Wrist shot by Brad Malone.
15:56 of 3rd period - Stopped by Ray Emery without a rebound.
15:57 of 3rd period - Zac Dalpe wins face-off versus Pat Cannone in Condors zone.
16:36 of 3rd period - Austin Madaisky is hit by Michael Chaput and loses puck.
17:14 of 3rd period - Anthony Bitetto is hit by Brad Malone and loses puck.
17:56 of 3rd period - Jason Williams is hit by Anthony Bitetto and loses puck.
18:48 of 3rd period - Snap shot by Brad Malone.
18:48 of 3rd period - Stopped by Ray Emery with a rebound.
18:54 of 3rd period - Slapshot by Michael Mersch.
18:54 of 3rd period - Stopped by Jeff Malcolm with a rebound.
18:56 of 3rd period - Snap shot by Tommy Cross.
18:56 of 3rd period - Stopped by Jeff Malcolm with a rebound.
18:58 of 3rd period - Snap shot by Tyler Graovac.
18:58 of 3rd period - Stopped by Jeff Malcolm with a rebound.
19:00 of 3rd period - Wrist shot by Michael Mersch.
19:00 of 3rd period - Shot Misses the Net.
19:14 of 3rd period - Minor Penalty to Anthony Bitetto for Interference.
19:15 of 3rd period - Michael Chaput wins face-off versus John Albert in Condors zone.
19:27 of 3rd period - Stars, Jeff Malcolm is pulled from the net.
19:27 of 3rd period - Backhand shot by Derrick Pouliot.
19:27 of 3rd period - Deflect By Michael Chaput.
19:27 of 3rd period - Goal by Derrick Pouliot - Condors : 1 - Stars : 1.
19:27 of 3rd period - Jeff Malcolm from Stars was sent back in the game.
19:28 of 3rd period - Pat Cannone wins face-off versus Miikka Salomaki in neutral zone.
19:39 of 3rd period - Cameron Gaunce is hit by Pat Cannone and loses puck.
19:50 of 3rd period - Rob Bordson is hit by Jason Williams and loses puck.
Goals for this period are 0 for Condors vs 1 for Stars.
Shots for this period are 12 for Condors vs 9 for Stars.

Overtime #1


0:01 of 1st overtime period - Michael Chaput wins face-off versus Jason Williams in neutral zone.
0:04 of 1st overtime period - Jason Williams is hit by Ryan Stanton.
0:54 of 1st overtime period - Jason Williams is hit by Ryan Stanton and loses puck.
1:51 of 1st overtime period - Snap shot by Justin Shugg.
1:51 of 1st overtime period - Shot Hit the Post.
2:17 of 1st overtime period - Slapshot by Reid Boucher.
2:17 of 1st overtime period - Stopped by Jeff Malcolm with a rebound.
2:46 of 1st overtime period - Slapshot by Steven Delisle.
2:46 of 1st overtime period - Deflect By Justin Shugg.
2:46 of 1st overtime period - Stopped by Ray Emery with a rebound.
2:48 of 1st overtime period - Wrist shot by Austin Madaisky.
2:48 of 1st overtime period - Shot Blocked by Anthony Bitetto.
3:58 of 1st overtime period - Ryan Stanton is hit by Brad Malone and loses puck.
4:29 of 1st overtime period - Snap shot by Zach Sill.
4:29 of 1st overtime period - Shot Misses the Net.
4:31 of 1st overtime period - Wrist shot by Zach Sill.
4:31 of 1st overtime period - Stopped by Ray Emery with a rebound.
4:51 of 1st overtime period - Brad Malone is hit by Anthony Bitetto and loses puck.
Goals for this period are 0 for Condors vs 0 for Stars.
Shots for this period are 1 for Condors vs 2 for Stars.

ShootOut


5:00 of 1st overtime period - Penalty Shot by Michael Chaput for Condors.
5:00 of 1st overtime period - Deke by Michael Chaput.
5:00 of 1st overtime period - Goal by Michael Chaput.
5:00 of 1st overtime period - Penalty Shot by Jason Williams for Stars.
5:00 of 1st overtime period - Snap shot by Jason Williams.
5:00 of 1st overtime period - Stopped by Ray Emery.
5:00 of 1st overtime period - Penalty Shot by Reid Boucher for Condors.
5:00 of 1st overtime period - Backhand shot by Reid Boucher.
5:00 of 1st overtime period - Goal by Reid Boucher.
5:00 of 1st overtime period - Penalty Shot by Zac Dalpe for Stars.
5:00 of 1st overtime period - Wrist shot by Zac Dalpe.
5:00 of 1st overtime period - Stopped by Ray Emery.